 Dungeon Crawl Stone Soup version 0.21.1-1-g345015f (webtiles) character file.

59 kae the Insei (level 4, -2/29 HPs)
             Began as an Octopode Transmuter on June 14, 2018.
             Slain by Natasha (5 damage)
             ... on level 2 of the Dungeon.
             The game lasted 00:01:06 (1639 turns).

kae the Insei (Octopode Transmuter)                 Turns: 1639, Time: 00:01:06

Health: -2/29      AC:  1    Str:  9    XL:     4   Next: 3%
Magic:  5/7        EV: 14    Int: 15    God:
Gold:   27         SH:  0    Dex: 13    Spells: 4/7 levels left

rFire    . . .     SeeInvis .     - Unarmed
rCold    . . .     Gourm    .   (no shield)
rNeg     . . .     Faith    .   (helmet restricted)
rPois    .         Spirit   .   (no amulet)
rElec    .         Reflect  .   (no ring)
rCorr    .         Harm     .   (no ring)
MR       .....                  (no ring)
Stlth    ++........             (no ring)
HPRegen  0.09/turn              (no ring)
MPRegen  0.10/turn              (no ring)
                                (no ring)
                                (no ring)

@: no status effects
A: almost no armour, stealthy swim, amphibious, 8 rings, constrict 8, camouflage
1, gelatinous body 1
a: no special abilities


You were on level 2 of the Dungeon.
You were not hungry.

You visited 1 branch of the dungeon, and saw 2 of its levels.

You collected 27 gold pieces.

Inventory:

Missiles
 a - 11 arrows
Jewellery
 d - a cursed ring of teleportation {unknown}
 f - an uncursed amulet of rage
 h - an uncursed ring of protection from cold {unknown}
Scrolls
 e - 3 scrolls of enchant weapon {unknown}
Books
 b - a book of Changes

   Spells                             Type                      Level
   a - Beastly Appendage              Transmutation                1
   b - Sticks to Snakes               Transmutation                2
   c - Spider Form                    Transmutation/Poison         3
   d - Ice Form                       Ice/Transmutation            4
   e - Blade Hands                    Transmutation                5
Comestibles
 c - 4 rations
 g - a chunk of flesh


   Skills:
 + Level 1.7 Fighting
 + Level 2.4 Dodging
 * Level 3.6 Unarmed Combat
 + Level 2.3 Spellcasting
 + Level 2.4 Transmutations


You had 4 spell levels left.
You knew the following spells:

 Your Spells              Type           Power        Failure   Level  Hunger
a - Beastly Appendage     Tmut           #.....       9%          1    #......
b - Sticks to Snakes      Tmut           #.......     12%         2    ###....


Dungeon Overview and Level Annotations

Branches:
Dungeon (2/15)

Altars:
Nemelex Xobeh

Annotations:
D:2 Natasha


Innate Abilities, Weirdness & Mutations

You cannot wear most types of armour.
You are very stealthy in the water. (Stealth+)
You are amphibious.
You can wear up to eight rings at the same time.
You can use your tentacles to constrict eight enemies at once.
Your skin changes colour to match your surroundings (Stealth+).
Your rubbery body absorbs attacks. (AC +1, EV +1)


Message History

Natasha is moderately wounded.
You constrict Natasha. The white imp gestures at you.
The puff of frost hits you!
* * * LOW HITPOINT WARNING * * *
Natasha barely misses you.
Your ball python bites Natasha but does no damage.
You tentacle-slap Natasha. Your squeeze misses Natasha.
Natasha is severely wounded.
You constrict Natasha. Natasha misses you.
Your ball python bites Natasha but does no damage.
Natasha claws your ball python!
Your ball python dies!
Natasha hisses angrily.
You tentacle-slap Natasha but do no damage.
You squeeze Natasha.
Natasha is almost dead.
You constrict Natasha, but do no damage.
Natasha claws you.
You die...

#........P..♣♣P #.#.
#.#.#######PP♣♣
#.#.# #..♣
#.#.########...P
####.#.#......#.#.#.
#.............# #.#
. #.............# #
#.....†5......#
#......h@#####
####+#.### ....
#).... #......
#....... ##.......
#...h...#


You could see Natasha and a white imp.

Vanquished Creatures
  Natasha (D:2)
  A worm (D:2)
  2 leopard geckos (D:1)
  3 hobgoblins
  9 bats
  4 frilled lizards
  2 goblins
  4 kobolds (D:1)
  6 rats
32 creatures vanquished.

Notes
Turn   | Place    | Note
-------+----------+-------------------------------------------
     0 | D:1      | kae the Octopode Transmuter began the quest for the Orb.
     0 | D:1      | Reached XP level 1. HP: 13/13 MP: 3/3
   260 | D:1      | Reached XP level 2. HP: 7/18 MP: 5/5
  1066 | D:1      | Reached XP level 3. HP: 23/23 MP: 4/6
  1411 | D:2      | Found a sparkling altar of Nemelex Xobeh.
  1602 | D:2      | Noticed Natasha
  1606 | D:2      | Killed Natasha
  1606 | D:2      | Reached XP level 4. HP: 28/29 MP: 5/7
  1627 | D:2      | Noticed Natasha
  1632 | D:2      | Learned a level 2 spell: Sticks to Snakes
  1639 | D:2      | Slain by Natasha

Action                   |  1- 3 |  4- 6 || total
-------------------------+-------+-------++-------
Melee: Unarmed           |    68 |     7 ||    75
       Constrict         |    14 |     1 ||    15
       Kick              |    10 |       ||    10
       Tentacles         |     8 |     2 ||    10
       Punch             |     1 |       ||     1
 Cast: Beastly Appendage |    17 |     1 ||    18
       Sticks to Snakes  |       |     1 ||     1
  Use: Scroll            |     2 |       ||     2
 Stab: Sleeping          |     3 |       ||     3
  Eat: Chunk             |     2 |     1 ||     3
Armor: Skin              |    17 |     1 ||    18
Dodge: Dodged            |    60 |     3 ||    63
